 Seeded DCSS version 0.30.0-19-g36f170ea60 (webtiles) character file.

Game seed: 7229806256980976716 (custom seed)

2 RascalDebosk the Magician (level 1, 16/18 HPs)
             Began as a Djinni Warper on May 31, 2023.
             Quit the game on level 1 of the Dungeon.
             The game lasted 00:02:35 (69 turns).

RascalDebosk the Magician (Djinni Warper)             Turns: 69, Time: 00:02:35

Health: 16/18      AC:  6    Str: 18    XL:     1   Next: 44%
Gold:   0          EV: 11    Int: 14    God:
                   SH:  3    Dex: 10

rFire   + + .        h - +4 scimitar (heavy)
rCold   x . .        e - +0 buckler of Soft Rains {rPois Str+8 Dex-2}
rNeg    . . .        b - +0 leather armour
rPois   ∞            (no helmet)
rElec   .            (no cloak)
rCorr   .            f - +2 pair of gloves {hurl}
SInv    .            (boots unavailable)
Will    .....        (no amulet)
Stlth   +            (no ring)
HPRegen 0.23/turn    (no ring)
MPRegen 0.00/turn

%: no passive effects
@: flying
A: sickness immunity, fire resistance 2, cold vulnerability 1, float, innate
caster, HP casting, extra vitality 1
a: no special abilities


You were on level 1 of the Dungeon.
You visited 1 branch of the dungeon, and saw 1 of its levels.

Inventory:

Hand Weapons
 a - a +0 falchion
 h - a +4 heavy scimitar (weapon)
Missiles
 d - 7 boomerangs of dispersal (quivered)
Armour
 b - a +0 leather armour (worn)
 e - the +0 buckler of Soft Rains (worn) {rPois Str+8 Dex-2}
   (You acquired it on level 1 of the Dungeon)

   Str:       It affects your strength (+8).
   Dex:       It affects your dexterity (-2).
   rPois:     It protects you from poison.
 f - a +2 pair of gloves of hurling (worn)
Scrolls
 c - 2 scrolls of amnesia {unknown}
 g - a scroll of blinking


   Skills:
 - Level 2.0 Fighting
 - Level 1.7 Long Blades
 - Level 0.7 Throwing
 - Level 1.0 Armour
 - Level 2.1 Dodging
 * Level 2.5 Spellcasting


You knew the following spells:

 Your Spells              Type           Power      Damage    Failure   Level
a - Blink                 Tloc           18%        N/A       19%         2
b - Lesser Beckoning      Tloc           18%        N/A       19%         2
c - Vhi's Electric Charg  Tloc/Air       18%        N/A       36%         3
d - Teleport Other        Tloc           9%         N/A       36%         3
e - Manifold Assault      Tloc           9%         N/A       77%         4
Your spell library was empty.

Dungeon Overview and Level Annotations

Branches:
Dungeon (1/15)

Altars:


Innate Abilities, Weirdness & Mutations

You are immune to sickness and miasma.
You are immune to poison.
Your flesh is very heat resistant. (rF++)
You are vulnerable to cold. (rC-)
You float through the air rather than walking.
You learn spells naturally, not from books.
Your magical power is your life essence.
You have superior vitality. (+4 MHP)


Message History

Lua error: /dgldir/rcfiles/crawl-0.30/RascalDebosk.rc:334: '' expected near 'end' Welcome, RascalDebosk the Djinni Warper.
Game seed: 7229806256980976716 (custom seed) Press ? for a list of commands and other information.
Found a faded altar of an unknown god.
Found two stairs.
You begin with the following spells memorised: Blink, Lesser Beckoning, Vhi's Electric Charge, Teleport Other, Manifold Assault.
You hit the bush but do no damage.
You reach down and open the door.
A hobgoblin comes into view.
The hobgoblin shouts!
Found a throwing net.
There is an open door here.
The hobgoblin closely misses you.
You closely miss the hobgoblin. The hobgoblin closely misses you.
You hit the hobgoblin.
You kill the hobgoblin!
You see here a hobgoblin corpse.
Found 17 gold pieces.
Found 2 scrolls labelled FUSKUR VIKLOEP.
c - 2 scrolls labelled FUSKUR VIKLOEP A quokka comes into view.
Found 3 scrolls labelled RAGIOR NADERHA.
Found 3 stones.
You hit the quokka.
The quokka is heavily wounded.
The quokka barely misses you.
You barely miss the quokka.
The quokka is heavily wounded.
The quokka bites you. The quokka barely misses you.
You hit the quokka.
The quokka is severely wounded.
The quokka bites you.
You slash the quokka!
You kill the quokka!
e - 3 scrolls labelled RAGIOR NADERHA
Okay, then.
This is a scroll of acquirement!
Something appears before you!
You start putting on your armour.
You continue putting on your +2 pair of gloves of hurling. x4
You finish putting on your +2 pair of gloves of hurling.
You feel that your aim is more steady. Something appears before you!
h - a +4 heavy scimitar (weapon)
Something appears before you!
You start putting on your armour.
You continue putting on the +0 buckler of Soft Rains {rPois Str+8 Dex-2}. x4
You finish putting on the +0 buckler of Soft Rains {rPois Str+8 Dex-2}.
You feel stronger.
You feel clumsy.
Are you sure you want to abandon this character and quit the game? (Confirm with "yes".)

############.#
#r# #.# #.#
##########.#
#..........# #
#.##########
#(#######.#
#..@.†....#
###########


There were no monsters in sight!

Vanquished Creatures
  A hobgoblin (D:1)
  A quokka (D:1)
2 creatures vanquished.

Notes
Turn   | Place    | Note
-------+----------+-------------------------------------------
     0 | D:1      | RascalDebosk the Djinni Warper began the quest for the Orb.
     0 | D:1      | RascalDebosk set off with the following spells memorised:
                  | Blink, Lesser Beckoning, Vhi's Electric Charge, Teleport
                  | Other, Manifold Assault.
     0 | D:1      | Reached XP level 1. HP: 18/18 MP: 0/0
    55 | D:1      | Identified 3 scrolls of acquirement
    55 | D:1      | Acquired a +2 pair of gloves of hurling
    61 | D:1      | Acquired a +4 heavy scimitar
    63 | D:1      | Acquired the +0 buckler of Soft Rains {rPois Str+8 Dex-2}
    69 | D:1      | Quit the game

Illustrated notes

Levels and vault maps discovered:
D:1:      spicycebolla_arrival_ecumenical, layout_loops_ring

Action                     || total
---------------------------++-------
  Melee: Falchion          ||     7
    Use: Scroll            ||     3
  Dodge: Dodged            ||     4
